[ AOE2 MATCH · #465569444 ]
UnrankedDravidians vs None
Player's team · LOSS
Rival team · WIN
[ REPLAY ANALYSIS · EXTRACTED FROM THE RECORDED GAME ]
Feudal
—
Castle
—
Imperial
—
| APM avg | 11.9 |
| APM peak | 46 |
| eAPM avg | 8.0 |
| Villagers / military | 39 / 0 |
Focus
⚔️ 22.8% · 🌾 77.2%
Fishing Ship ×11
Feudal
—
Castle
—
Imperial
29:16
| APM avg | 7.4 |
| APM peak | 33 |
| eAPM avg | 5.9 |
| Villagers / military | 27 / 0 |
Focus
⚔️ 16.4% · 🌾 83.6%
Feudal
—
Castle
—
Imperial
25:10
| APM avg | 10.0 |
| APM peak | 66 |
| eAPM avg | 9.0 |
| Villagers / military | 31 / 0 |
Focus
⚔️ 43.3% · 🌾 56.7%
Feudal
—
Castle
—
Imperial
—
| APM avg | 7.4 |
| APM peak | 43 |
| eAPM avg | 5.1 |
| Villagers / military | 24 / 1 |
Focus
⚔️ 16.6% · 🌾 83.4%
Transport Ship ×1
Feudal
—
Castle
—
Imperial
32:51
| APM avg | 9.9 |
| APM peak | 48 |
| eAPM avg | 6.1 |
| Villagers / military | 44 / 0 |
Focus
⚔️ 30.7% · 🌾 69.3%
Fishing Ship ×15
Feudal
—
Castle
—
Imperial
—
| APM avg | 6.6 |
| APM peak | 32 |
| eAPM avg | 5.4 |
| Villagers / military | 52 / 0 |
Focus
⚔️ 30.1% · 🌾 69.9%
Unknown (2626) ×5 · Fishing Ship ×4 · Unknown (434) ×1 · Unknown (704) ×1
Feudal
—
Castle
—
Imperial
31:03
| APM avg | 10.4 |
| APM peak | 30 |
| eAPM avg | 8.7 |
| Villagers / military | 41 / 0 |
Focus
⚔️ 28.8% · 🌾 71.2%
Fishing Ship ×29
Feudal
—
Castle
—
Imperial
25:51
| APM avg | 8.4 |
| APM peak | 28 |
| eAPM avg | 8.1 |
| Villagers / military | 52 / 0 |
Focus
⚔️ 34.2% · 🌾 65.8%
Fishing Ship ×13
Match map
Initial resources + every placement click. Lines = walls · curves = elevation contours. ◆ gold · ⬟ stone · ● berries · ✦ relic · ◌ wall gap
Your base· Open — unwalled flank
AncientLocky's base· Open — 8t gap
RULER_NOW's base· Open — unwalled flank
NART's base· Open — unwalled flank
ReggioMarco's base· Open — unwalled flank
Lellek II's base· Open — unwalled flank
inmate401's base· Open — unwalled flank
Ajosi's base· Open — unwalled flank
Smoothed initial terrain · ◌ = detected wall gap · hover for details
Inputs per minute
— naphtaligrauer16 - - AncientLocky
Build order — naphtaligrauer16
First 150 of 295 actions detected
| 0:17 | Build | Mill |
| 0:22 | Create | Villager (Male) |
| 0:22 | Create | Villager (Male) |
| 0:24 | Create | Villager (Male) |
| 0:27 | Create | Villager (Male) |
| 0:27 | Create | Villager (Male) |
| 0:36 | Build | Castle |
| 0:58 | Build | Lumber Camp |
| 0:58 | Build | Lumber Camp |
| 0:59 | Build | Lumber Camp |
| 0:59 | Build | Lumber Camp |
| 1:00 | Build | Lumber Camp |
| 1:00 | Build | Lumber Camp |
| 1:00 | Build | Lumber Camp |
| 1:01 | Build | Lumber Camp |
| 1:01 | Build | Lumber Camp |
| 1:01 | Build | Lumber Camp |
| 1:02 | Build | Lumber Camp |
| 1:02 | Build | Lumber Camp |
| 1:02 | Build | Lumber Camp |
| 1:03 | Build | Lumber Camp |
| 1:03 | Build | Lumber Camp |
| 1:03 | Build | Lumber Camp |
| 1:04 | Build | Lumber Camp |
| 1:04 | Build | Lumber Camp |
| 1:04 | Build | Lumber Camp |
| 1:04 | Build | Lumber Camp |
| 1:05 | Build | Lumber Camp |
| 1:05 | Build | Lumber Camp |
| 1:06 | Build | Lumber Camp |
| 1:06 | Build | Lumber Camp |
| 1:06 | Build | Lumber Camp |
| 1:07 | Build | Lumber Camp |
| 1:07 | Build | Lumber Camp |
| 1:07 | Build | Lumber Camp |
| 1:07 | Build | Lumber Camp |
| 1:18 | Build | University |
| 1:35 | Create | Villager (Male) |
| 2:24 | Research | Bow Saw |
| 2:45 | Build | Blacksmith |
| 3:10 | Research | Bodkin Arrow |
| 3:29 | Create | Villager (Male) |
| 3:57 | Research | Murder Holes |
| 4:02 | Build | Archery Range |
| 4:11 | Build | Lumber Camp |
| 4:11 | Build | Lumber Camp |
| 4:12 | Build | Lumber Camp |
| 4:12 | Build | Lumber Camp |
| 4:15 | Create | Villager (Male) |
| 4:35 | Create | Villager (Male) |
| 5:26 | Create | Villager (Male) |
| 5:50 | Create | Villager (Male) |
| 5:50 | Create | Villager (Male) |
| 6:31 | Build | Lumber Camp |
| 6:35 | Research | Ballistics |
| 6:39 | Create | Villager (Male) |
| 6:39 | Create | Villager (Male) |
| 7:05 | Build | Lumber Camp |
| 8:04 | Build | Building 190 |
| 8:15 | Create | Villager (Male) |
| 8:15 | Create | Villager (Male) |
| 8:27 | Create | Villager (Male) |
| 9:28 | Build | Mining Camp |
| 9:39 | Research | Elite Skirmisher (upgrade) |
| 9:47 | Build | Lumber Camp |
| 9:50 | Build | Lumber Camp |
| 9:52 | Build | Lumber Camp |
| 10:16 | Build | Lumber Camp |
| 10:16 | Build | Lumber Camp |
| 10:17 | Build | Lumber Camp |
| 10:17 | Build | Lumber Camp |
| 10:17 | Build | Lumber Camp |
| 10:37 | Build | Lumber Camp |
| 10:38 | Build | Lumber Camp |
| 10:38 | Build | Lumber Camp |
| 10:38 | Build | Lumber Camp |
| 10:39 | Build | Lumber Camp |
| 10:39 | Build | Lumber Camp |
| 10:39 | Build | Lumber Camp |
| 10:40 | Build | Lumber Camp |
| 10:40 | Build | Lumber Camp |
| 10:40 | Build | Lumber Camp |
| 10:41 | Build | Lumber Camp |
| 10:41 | Build | Lumber Camp |
| 11:40 | Build | Building 1098 |
| 12:00 | Create | Villager (Male) |
| 12:24 | Build | Mining Camp |
| 12:51 | Research | Paper Money |
| 13:23 | Build | Dock |
| 13:26 | Build | Dock |
| 13:31 | Build | Building 1098 |
| 13:31 | Build | Building 1098 |
| 13:38 | Research | Hand Cart |
| 14:03 | Create | Villager (Male) |
| 14:03 | Create | Villager (Male) |
| 14:28 | Build | Building 1098 |
| 14:29 | Build | Building 1098 |
| 14:30 | Build | Building 1098 |
| 15:33 | Research | Gillnets |
| 15:35 | Create | Fishing Ship |
| 16:04 | Create | Fishing Ship |
| 16:04 | Create | Fishing Ship |
| 16:04 | Create | Fishing Ship |
| 16:19 | Build | Fish Trap |
| 16:56 | Create | Fishing Ship |
| 17:33 | Build | Fish Trap |
| 17:35 | Build | Fish Trap |
| 17:52 | Build | Fish Trap |
| 18:02 | Create | Villager (Male) |
| 18:02 | Create | Villager (Male) |
| 18:14 | Build | Building 1098 |
| 18:44 | Research | Gold Shaft Mining |
| 18:57 | Create | Villager (Male) |
| 19:16 | Build | Building 1098 |
| 19:18 | Build | Building 1098 |
| 19:18 | Build | Building 1098 |
| 19:19 | Build | Building 1098 |
| 19:19 | Build | Building 1098 |
| 19:19 | Build | Building 1098 |
| 19:20 | Build | Building 1098 |
| 19:20 | Build | Building 1098 |
| 19:20 | Build | Building 1098 |
| 19:21 | Build | Building 1098 |
| 19:21 | Build | Building 1098 |
| 19:21 | Build | Building 1098 |
| 19:22 | Build | Building 1098 |
| 19:22 | Build | Building 1098 |
| 19:22 | Build | Building 1098 |
| 19:23 | Build | Building 1098 |
| 19:23 | Build | Building 1098 |
| 19:23 | Build | Building 1098 |
| 19:24 | Build | Building 1098 |
| 19:40 | Build | Mining Camp |
| 20:20 | Create | Villager (Male) |
| 20:26 | Build | Building 1098 |
| 20:33 | Create | Fishing Ship |
| 20:33 | Create | Fishing Ship |
| 21:19 | Build | Fish Trap |
| 22:00 | Create | Villager (Male) |
| 22:03 | Create | Fishing Ship |
| 22:03 | Create | Fishing Ship |
| 22:32 | Create | Fishing Ship |
| 22:32 | Create | Fishing Ship |
| 23:22 | Create | Villager (Male) |
| 23:34 | Build | Fish Trap |
| 23:36 | Build | Fish Trap |
| 23:39 | Build | Fish Trap |
| 24:08 | Create | Villager (Male) |
| 24:23 | Create | Villager (Male) |
| 24:24 | Create | Villager (Male) |
Build order — AncientLocky
First 150 of 190 actions detected
| 0:14 | Build | Castle |
| 0:25 | Build | Building 1098 |
| 0:26 | Build | Building 1098 |
| 0:26 | Build | Building 1098 |
| 0:26 | Build | Building 1098 |
| 0:27 | Build | Building 1098 |
| 0:27 | Build | Building 1098 |
| 0:27 | Build | Building 1098 |
| 0:28 | Build | Building 1098 |
| 0:28 | Build | Building 1098 |
| 0:28 | Build | Building 1098 |
| 0:29 | Build | Building 1098 |
| 0:29 | Build | Building 1098 |
| 0:35 | Create | Villager (Male) |
| 0:35 | Create | Villager (Male) |
| 0:35 | Create | Villager (Male) |
| 0:36 | Create | Villager (Male) |
| 1:03 | Build | Lumber Camp |
| 1:09 | Create | Villager (Male) |
| 1:09 | Create | Villager (Male) |
| 1:09 | Create | Villager (Male) |
| 3:20 | Build | Lumber Camp |
| 3:43 | Build | Blacksmith |
| 3:49 | Build | Building 1098 |
| 3:49 | Build | Building 1098 |
| 3:50 | Build | Building 1098 |
| 3:50 | Build | Building 1098 |
| 3:50 | Build | Building 1098 |
| 5:04 | Build | Mill |
| 5:06 | Build | Farm |
| 5:18 | Build | Dock |
| 5:32 | Research | Bow Saw |
| 6:28 | Research | War Galley (upgrade) |
| 6:45 | Build | Building 1098 |
| 6:46 | Build | Building 1098 |
| 6:46 | Build | Building 1098 |
| 6:46 | Build | Building 1098 |
| 6:47 | Build | Building 1098 |
| 6:47 | Build | Building 1098 |
| 6:47 | Build | Building 1098 |
| 7:29 | Build | Lumber Camp |
| 8:06 | Build | Mill |
| 8:08 | Build | Farm |
| 8:10 | Build | Farm |
| 8:11 | Build | Farm |
| 8:12 | Build | Farm |
| 8:16 | Research | Heavy Plow |
| 8:28 | Build | Building 1098 |
| 8:28 | Build | Building 1098 |
| 8:28 | Build | Building 1098 |
| 8:29 | Build | Building 1098 |
| 8:29 | Build | Building 1098 |
| 9:02 | Build | Mill |
| 9:04 | Build | Farm |
| 9:05 | Build | Farm |
| 9:07 | Build | Farm |
| 9:08 | Build | Farm |
| 10:31 | Create | Villager (Male) |
| 10:41 | Build | Building 1098 |
| 10:41 | Build | Building 1098 |
| 10:42 | Build | Building 1098 |
| 10:42 | Build | Building 1098 |
| 11:23 | Create | Villager (Male) |
| 12:07 | Create | Villager (Male) |
| 12:55 | Create | Villager (Male) |
| 14:33 | Research | Hand Cart |
| 14:46 | Build | Building 785 |
| 15:03 | Create | Villager (Male) |
| 15:13 | Research | Bodkin Arrow |
| 16:32 | Create | Villager (Male) |
| 16:50 | Build | Building 1098 |
| 16:50 | Build | Building 1098 |
| 16:50 | Build | Building 1098 |
| 16:51 | Build | Building 1098 |
| 16:51 | Build | Building 1098 |
| 16:51 | Build | Building 1098 |
| 16:52 | Build | Building 1098 |
| 16:52 | Build | Building 1098 |
| 16:52 | Build | Building 1098 |
| 16:54 | Create | Villager (Male) |
| 17:16 | Build | Lumber Camp |
| 17:54 | Build | Building 1098 |
| 18:04 | Create | Villager (Male) |
| 18:15 | Build | Building 1098 |
| 18:15 | Build | Building 1098 |
| 18:15 | Build | Building 1098 |
| 18:16 | Build | Building 1098 |
| 18:16 | Build | Building 1098 |
| 18:35 | Build | Building 1098 |
| 18:41 | Create | Villager (Male) |
| 19:38 | Create | Villager (Male) |
| 20:09 | Create | Villager (Male) |
| 20:37 | Build | Building 785 |
| 20:52 | Create | Villager (Male) |
| 21:11 | Build | Mining Camp |
| 21:20 | Build | Mining Camp |
| 21:24 | Research | Gold Shaft Mining |
| 22:04 | Build | University |
| 22:39 | Build | Building 1097 |
| 23:24 | Build | Building 1097 |
| 23:28 | Research | Paper Money |
| 24:04 | Research | Burgundian Vineyards |
| 25:04 | Build | Building 1098 |
| 25:04 | Build | Building 1098 |
| 25:05 | Build | Building 1098 |
| 25:05 | Build | Building 1098 |
| 25:05 | Build | Building 1098 |
| 25:51 | Build | Lumber Camp |
| 26:06 | Build | Farm |
| 26:24 | Build | Building 1098 |
| 26:24 | Build | Building 1098 |
| 26:25 | Build | Building 1098 |
| 27:19 | Build | Lumber Camp |
| 27:22 | Research | Imperial Age |
| 27:34 | Build | Building 1098 |
| 27:34 | Build | Building 1098 |
| 27:35 | Build | Building 1098 |
| 27:35 | Build | Building 1098 |
| 28:18 | Create | Villager (Male) |
| 28:19 | Create | Villager (Male) |
| 28:58 | Build | Building 785 |
| 29:16 | Age | Imperial Age |
| 29:24 | Research | Bracer |
| 29:27 | Research | Treadmill Crane |
| 30:21 | Build | Siege Workshop |
| 30:22 | Build | Siege Workshop |
| 30:22 | Build | Siege Workshop |
| 30:23 | Build | Siege Workshop |
| 30:23 | Build | Siege Workshop |
| 30:23 | Build | Siege Workshop |
| 30:41 | Build | University |
| 31:14 | Research | Galleon (upgrade) |
| 31:31 | Create | Villager (Male) |
| 31:32 | Create | Villager (Male) |
| 31:49 | Research | Capped Ram (upgrade) |
| 32:22 | Build | Siege Workshop |
| 32:22 | Build | Siege Workshop |
| 32:23 | Build | Siege Workshop |
| 32:23 | Build | Siege Workshop |
| 32:23 | Build | Siege Workshop |
| 32:24 | Build | Siege Workshop |
| 32:24 | Build | Siege Workshop |
| 32:58 | Create | Villager (Male) |
| 33:05 | Build | Siege Workshop |
| 33:35 | Research | Ballistics |
| 34:04 | Build | Building 190 |
| 34:05 | Build | Building 190 |
| 34:16 | Research | Careening |
| 34:19 | Research | Heated Shot |
| 34:55 | Create | Villager (Male) |
Build order — RULER_NOW
First 150 of 268 actions detected
| 0:03 | Create | Villager (Male) |
| 0:03 | Create | Villager (Male) |
| 0:10 | Build | Mill |
| 0:12 | Create | Villager (Male) |
| 0:12 | Create | Villager (Male) |
| 0:38 | Create | Villager (Male) |
| 0:39 | Create | Villager (Male) |
| 0:42 | Create | Villager (Male) |
| 1:07 | Build | Castle |
| 1:08 | Build | Castle |
| 1:09 | Build | Castle |
| 1:10 | Build | Castle |
| 1:10 | Build | Castle |
| 1:13 | Create | Villager (Male) |
| 1:30 | Build | Mining Camp |
| 1:31 | Build | Mining Camp |
| 1:31 | Build | Mining Camp |
| 1:31 | Build | Mining Camp |
| 1:32 | Build | Mining Camp |
| 1:32 | Build | Mining Camp |
| 1:32 | Build | Mining Camp |
| 1:33 | Build | Mining Camp |
| 1:33 | Build | Mining Camp |
| 1:33 | Build | Mining Camp |
| 1:34 | Build | Mining Camp |
| 1:34 | Build | Mining Camp |
| 2:10 | Create | Villager (Male) |
| 2:24 | Build | Blacksmith |
| 2:30 | Build | University |
| 2:33 | Build | Barracks |
| 2:38 | Create | Villager (Male) |
| 3:08 | Research | Treadmill Crane |
| 3:09 | Research | Murder Holes |
| 3:19 | Build | Mining Camp |
| 3:20 | Build | Mining Camp |
| 3:25 | Create | Villager (Male) |
| 3:45 | Create | Villager (Male) |
| 4:25 | Build | Siege Workshop |
| 4:30 | Create | Villager (Male) |
| 4:42 | Create | Villager (Male) |
| 5:06 | Create | Villager (Male) |
| 6:03 | Build | Lumber Camp |
| 6:12 | Create | Villager (Male) |
| 6:19 | Create | Villager (Male) |
| 6:24 | Build | Mining Camp |
| 6:25 | Build | Mining Camp |
| 6:25 | Build | Mining Camp |
| 6:26 | Build | Mining Camp |
| 6:26 | Build | Mining Camp |
| 6:26 | Build | Mining Camp |
| 6:27 | Build | Mining Camp |
| 6:40 | Research | Pikeman (upgrade) |
| 7:17 | Build | Mining Camp |
| 7:25 | Create | Villager (Male) |
| 7:37 | Build | Farm |
| 7:39 | Build | Farm |
| 7:40 | Build | Farm |
| 8:07 | Build | Mining Camp |
| 8:08 | Build | Mining Camp |
| 8:08 | Build | Mining Camp |
| 8:08 | Build | Mining Camp |
| 8:09 | Build | Mining Camp |
| 8:09 | Build | Mining Camp |
| 8:09 | Build | Mining Camp |
| 8:10 | Build | Mining Camp |
| 8:10 | Build | Mining Camp |
| 8:10 | Build | Mining Camp |
| 8:20 | Research | Bow Saw |
| 8:27 | Build | Farm |
| 8:37 | Build | Farm |
| 9:20 | Create | Villager (Male) |
| 9:55 | Build | Farm |
| 10:03 | Build | Farm |
| 10:04 | Build | Farm |
| 10:33 | Create | Villager (Male) |
| 10:42 | Build | Farm |
| 10:44 | Build | Farm |
| 10:45 | Build | Farm |
| 10:46 | Build | Farm |
| 10:49 | Build | Farm |
| 10:49 | Build | Farm |
| 10:52 | Build | Farm |
| 11:01 | Build | Siege Workshop |
| 11:49 | Build | Farm |
| 11:50 | Create | Villager (Male) |
| 12:41 | Build | Caravanserai |
| 12:50 | Build | Mining Camp |
| 12:51 | Build | Mining Camp |
| 12:51 | Build | Mining Camp |
| 12:52 | Build | Mining Camp |
| 12:55 | Create | Villager (Male) |
| 12:56 | Create | Villager (Male) |
| 13:01 | Build | Farm |
| 13:07 | Create | Villager (Male) |
| 13:26 | Research | Heavy Plow |
| 13:43 | Build | Farm |
| 13:44 | Build | Farm |
| 13:48 | Research | Squires |
| 14:59 | Build | Castle |
| 14:59 | Build | Castle |
| 15:01 | Build | Castle |
| 15:02 | Build | Castle |
| 15:03 | Build | Castle |
| 15:05 | Build | Castle |
| 15:09 | Create | Villager (Male) |
| 15:37 | Research | Burgundian Vineyards |
| 15:40 | Build | Farm |
| 15:56 | Research | Hand Cart |
| 16:11 | Build | Siege Workshop |
| 16:17 | Build | Castle |
| 17:12 | Build | Castle |
| 17:13 | Build | Castle |
| 17:14 | Build | Castle |
| 17:32 | Research | Chain Barding Armor |
| 17:51 | Create | Villager (Male) |
| 17:52 | Create | Villager (Male) |
| 18:02 | Build | Castle |
| 18:19 | Build | Mining Camp |
| 18:29 | Build | Castle |
| 18:33 | Research | Bloodlines |
| 18:34 | Research | Gold Shaft Mining |
| 19:05 | Build | Siege Workshop |
| 19:13 | Build | Mining Camp |
| 20:23 | Build | Farm |
| 20:25 | Build | Farm |
| 20:30 | Build | Mill |
| 20:33 | Build | Farm |
| 20:37 | Research | Paper Money |
| 20:37 | Research | Tech 19 |
| 23:16 | Research | Imperial Age |
| 24:07 | Build | Castle |
| 24:08 | Build | Castle |
| 24:09 | Build | Castle |
| 24:10 | Build | Castle |
| 24:11 | Build | Castle |
| 24:12 | Build | Castle |
| 24:22 | Build | Siege Workshop |
| 24:24 | Build | Siege Workshop |
| 24:35 | Build | Farm |
| 24:38 | Build | Farm |
| 24:50 | Create | Villager (Male) ×4 |
| 25:10 | Age | Imperial Age |
| 26:25 | Build | Lumber Camp |
| 26:50 | Build | Castle |
| 26:51 | Build | Castle |
| 26:51 | Build | Castle |
| 26:51 | Build | Castle |
| 26:52 | Build | Castle |
| 26:53 | Build | Castle |
| 26:53 | Build | Castle |
Build order — NART
139 actions detected in the replay
| 0:25 | Build | Mill |
| 0:29 | Create | Villager (Male) ×5 |
| 0:30 | Create | Villager (Male) |
| 0:39 | Build | Castle |
| 0:52 | Build | House |
| 0:53 | Build | House |
| 0:54 | Build | House |
| 0:55 | Build | House |
| 1:01 | Build | House |
| 1:02 | Build | House |
| 1:03 | Build | House |
| 1:04 | Build | House |
| 1:06 | Build | House |
| 1:07 | Build | House |
| 1:08 | Build | House |
| 1:10 | Build | House |
| 1:19 | Build | University |
| 2:16 | Create | Villager (Male) |
| 3:00 | Build | Castle |
| 3:23 | Create | Villager (Male) |
| 3:26 | Create | Villager (Male) |
| 4:10 | Build | House |
| 4:13 | Build | House |
| 4:19 | Create | Villager (Male) |
| 5:11 | Create | Villager (Male) |
| 5:46 | Create | Villager (Male) |
| 6:22 | Create | Villager (Male) |
| 6:35 | Build | Lumber Camp |
| 6:44 | Build | Lumber Camp |
| 6:47 | Build | Lumber Camp |
| 6:51 | Build | Lumber Camp |
| 6:55 | Build | Lumber Camp |
| 6:57 | Build | Lumber Camp |
| 8:12 | Build | House |
| 8:15 | Build | House |
| 8:21 | Research | Bow Saw |
| 8:26 | Create | Villager (Male) |
| 8:29 | Create | Villager (Male) |
| 8:48 | Build | Mining Camp |
| 9:08 | Build | House |
| 9:17 | Create | Villager (Male) |
| 9:33 | Build | House |
| 11:04 | Build | House |
| 11:05 | Build | House |
| 11:06 | Build | House |
| 11:07 | Build | House |
| 11:08 | Build | House |
| 11:09 | Build | House |
| 11:09 | Build | House |
| 11:10 | Build | House |
| 11:11 | Build | House |
| 11:52 | Build | House |
| 11:53 | Build | House |
| 11:54 | Build | House |
| 11:59 | Build | Blacksmith |
| 12:43 | Build | House |
| 12:44 | Build | House |
| 12:46 | Build | House |
| 12:47 | Build | House |
| 12:50 | Build | House |
| 12:52 | Build | House |
| 13:26 | Research | Paper Money |
| 14:15 | Create | Villager (Male) ×4 |
| 14:15 | Create | Villager (Male) |
| 14:34 | Create | Villager (Male) ×2 |
| 15:47 | Create | Villager (Male) |
| 16:20 | Research | Ballistics |
| 17:06 | Build | Building 1219 |
| 17:18 | Build | Mill |
| 17:34 | Build | Dock |
| 17:37 | Build | Dock |
| 17:57 | Build | Dock |
| 19:01 | Build | Mining Camp |
| 19:10 | Build | Building 1098 |
| 19:11 | Build | Building 1098 |
| 19:12 | Build | Building 1098 |
| 19:14 | Build | Building 1098 |
| 19:17 | Research | War Galley (upgrade) |
| 19:19 | Research | Bodkin Arrow |
| 19:23 | Research | Careening |
| 19:24 | Research | Ballistics |
| 19:51 | Build | Building 1098 |
| 19:54 | Build | Building 1098 |
| 20:28 | Build | Building 1098 |
| 20:29 | Build | Building 1098 |
| 20:31 | Build | Building 1098 |
| 20:34 | Build | Building 1098 |
| 20:36 | Build | Building 1098 |
| 21:10 | Build | Building 1098 |
| 21:12 | Build | Building 1098 |
| 21:22 | Research | Murder Holes |
| 21:56 | Build | Building 1098 |
| 21:58 | Build | Building 1098 |
| 23:15 | Build | Farm |
| 23:17 | Build | Farm |
| 23:19 | Build | Farm |
| 23:20 | Build | Farm |
| 23:22 | Build | Farm |
| 23:23 | Build | Farm |
| 23:25 | Build | Farm |
| 23:29 | Build | Farm |
| 23:31 | Build | Farm |
| 23:33 | Build | Farm |
| 23:35 | Build | Farm |
| 23:36 | Build | Farm |
| 23:38 | Build | Farm |
| 23:39 | Build | Farm |
| 23:40 | Build | Farm |
| 23:42 | Build | Farm |
| 23:43 | Build | Farm |
| 23:46 | Build | Farm |
| 23:48 | Build | Farm |
| 23:50 | Build | Farm |
| 23:52 | Build | Farm |
| 24:19 | Research | Burgundian Vineyards |
| 24:21 | Research | Gold Shaft Mining |
| 24:37 | Research | Tech 905 |
| 25:09 | Build | Farm |
| 25:11 | Build | Farm |
| 25:12 | Build | Farm |
| 25:41 | Build | Building 190 |
| 25:42 | Build | Building 190 |
| 25:44 | Build | Building 190 |
| 25:47 | Build | Building 190 |
| 26:07 | Build | Building 190 |
| 26:10 | Build | Building 190 |
| 26:34 | Research | Masonry |
| 28:06 | Create | Transport Ship |
| 28:11 | Research | Gillnets |
| 29:27 | Build | Farm |
| 29:29 | Build | Farm |
| 29:31 | Build | Farm |
| 29:32 | Build | Farm |
| 30:27 | Research | Tech 19 |
| 30:40 | Research | Shatagni |
| 31:00 | Research | Greek Fire |
| 31:06 | Research | Paper Money |
| 31:07 | Research | Tech 19 |
| 31:11 | Research | Paper Money |
Build order — ReggioMarco
First 150 of 167 actions detected
| 0:24 | Create | Villager (Male) ×5 |
| 1:23 | Build | University |
| 1:27 | Build | Blacksmith |
| 2:17 | Research | Murder Holes |
| 2:18 | Research | Treadmill Crane |
| 2:55 | Build | Castle |
| 2:57 | Build | Castle |
| 2:58 | Build | Castle |
| 2:59 | Build | Castle |
| 4:32 | Research | Ballistics |
| 4:46 | Research | Squires |
| 4:49 | Research | Paper Money |
| 4:52 | Research | Hand Cart |
| 4:53 | Create | Villager (Male) |
| 5:53 | Research | Bodkin Arrow |
| 6:01 | Build | Lumber Camp |
| 6:04 | Build | Lumber Camp |
| 6:08 | Build | Lumber Camp |
| 6:20 | Research | Gold Shaft Mining |
| 7:27 | Build | Dock |
| 7:41 | Build | Monastery |
| 7:45 | Research | Bow Saw |
| 8:49 | Build | Dock |
| 9:17 | Build | Castle |
| 9:18 | Build | Castle |
| 9:56 | Build | Castle |
| 9:57 | Build | Castle |
| 9:59 | Build | Castle |
| 10:10 | Build | Castle |
| 12:16 | Build | Castle |
| 12:17 | Build | Castle |
| 12:38 | Build | Mining Camp |
| 12:49 | Create | Villager (Male) |
| 12:49 | Create | Villager (Male) |
| 13:27 | Build | Castle |
| 14:13 | Build | Castle |
| 14:24 | Research | Burgundian Vineyards |
| 14:35 | Build | Farm |
| 14:36 | Build | Farm |
| 14:37 | Build | Farm |
| 14:40 | Build | Mill |
| 15:56 | Build | Castle |
| 15:57 | Build | Castle |
| 16:21 | Build | Castle |
| 16:27 | Build | Castle |
| 17:30 | Research | Masonry |
| 18:30 | Build | Castle |
| 18:31 | Build | Castle |
| 20:12 | Research | Supremacy |
| 20:25 | Build | Caravanserai |
| 21:09 | Create | Villager (Male) ×2 |
| 21:09 | Create | Villager (Male) ×2 |
| 21:19 | Build | Monastery |
| 23:12 | Build | University |
| 23:49 | Build | Castle |
| 23:50 | Build | Castle |
| 23:51 | Build | Castle |
| 23:51 | Build | Castle |
| 24:15 | Build | Castle |
| 24:40 | Research | Heavy Plow |
| 26:46 | Create | Villager (Male) |
| 26:46 | Create | Villager (Male) |
| 27:21 | Build | Castle |
| 27:22 | Build | Castle |
| 27:24 | Build | Castle |
| 27:26 | Build | Castle |
| 28:13 | Build | Farm |
| 28:15 | Build | Farm |
| 28:17 | Build | Farm |
| 28:25 | Build | Farm |
| 28:27 | Build | Farm |
| 28:34 | Build | Farm |
| 28:41 | Build | Farm |
| 29:16 | Build | Castle |
| 29:17 | Build | Castle |
| 29:41 | Research | Imperial Age |
| 32:31 | Create | Villager (Male) ×5 |
| 32:31 | Create | Villager (Male) ×2 |
| 32:34 | Create | Fishing Ship ×4 |
| 32:51 | Age | Imperial Age |
| 32:56 | Research | Gillnets |
| 34:17 | Research | Siege Engineers |
| 34:50 | Build | Farm |
| 34:57 | Build | Fish Trap |
| 34:58 | Build | Fish Trap |
| 34:58 | Build | Fish Trap |
| 35:00 | Build | Fish Trap |
| 35:14 | Research | Tech 908 |
| 36:38 | Build | Caravanserai |
| 36:42 | Create | Villager (Male) ×2 |
| 36:43 | Create | Villager (Male) ×2 |
| 37:09 | Create | Villager (Male) ×3 |
| 37:09 | Create | Villager (Male) ×3 |
| 37:34 | Research | Bracer |
| 37:47 | Create | Villager (Male) |
| 37:47 | Create | Villager (Male) |
| 38:03 | Build | Caravanserai |
| 38:07 | Create | Villager (Male) |
| 39:20 | Create | Villager (Male) |
| 39:37 | Create | Fishing Ship ×3 |
| 39:53 | Build | Farm |
| 39:54 | Build | Farm |
| 39:55 | Build | Farm |
| 40:12 | Build | Mill |
| 40:13 | Build | Farm |
| 40:33 | Create | Villager (Male) |
| 40:33 | Create | Villager (Male) |
| 40:37 | Build | Fish Trap |
| 40:40 | Build | Fish Trap |
| 40:43 | Create | Fishing Ship |
| 40:43 | Create | Fishing Ship |
| 42:06 | Research | Elite Organ Gun (upgrade) |
| 42:07 | Research | Elite Organ Gun (upgrade) |
| 42:24 | Create | Fishing Ship ×3 |
| 42:24 | Create | Fishing Ship ×3 |
| 42:29 | Build | Fish Trap |
| 42:29 | Build | Fish Trap |
| 42:40 | Research | Architecture |
| 43:18 | Build | Fish Trap |
| 43:29 | Build | Fish Trap |
| 43:32 | Build | Fish Trap |
| 43:41 | Create | Villager (Male) |
| 43:41 | Create | Villager (Male) |
| 43:55 | Build | Fish Trap |
| 44:00 | Build | Farm |
| 44:02 | Build | Farm |
| 44:04 | Build | Farm |
| 44:07 | Research | Crop Rotation |
| 44:08 | Research | Crop Rotation |
| 44:17 | Research | Two-Man Saw |
| 44:23 | Research | Crop Rotation |
| 45:35 | Create | Villager (Male) |
| 45:42 | Build | Farm |
| 45:44 | Build | Farm |
| 45:45 | Build | Farm |
| 45:46 | Build | Farm |
| 45:48 | Build | Farm |
| 46:10 | Research | Tech 19 |
| 46:19 | Research | Tech 19 |
| 46:21 | Research | Drill |
| 46:22 | Research | Grand Trunk Road |
| 46:23 | Research | Gold Shaft Mining |
| 46:24 | Research | Burgundian Vineyards |
| 46:53 | Build | Farm |
| 46:55 | Build | Farm |
| 46:56 | Build | Farm |
| 47:20 | Create | Villager (Male) |
| 47:24 | Build | Farm |
| 47:56 | Research | Tech 19 |
| 48:00 | Research | Chemistry |
Build order — Lellek II
First 150 of 182 actions detected
| 0:02 | Create | Villager (Male) |
| 0:02 | Create | Villager (Male) |
| 0:03 | Create | Villager (Male) |
| 0:03 | Create | Villager (Male) |
| 0:03 | Create | Villager (Male) |
| 1:52 | Build | Castle |
| 2:36 | Build | Mill |
| 2:38 | Create | Villager (Male) |
| 2:39 | Create | Villager (Male) |
| 3:16 | Build | Lumber Camp |
| 5:03 | Create | Unit 434 |
| 5:04 | Create | Unit 704 |
| 5:25 | Create | Villager (Male) |
| 5:25 | Create | Villager (Male) |
| 6:53 | Build | Mining Camp |
| 7:49 | Build | Mining Camp |
| 7:57 | Build | Farm |
| 7:58 | Build | Farm |
| 7:58 | Build | Farm |
| 7:58 | Build | Farm |
| 7:59 | Build | Farm |
| 7:59 | Build | Farm |
| 8:00 | Build | Farm |
| 8:17 | Build | Mining Camp |
| 8:24 | Build | Mining Camp |
| 8:26 | Build | Mining Camp |
| 8:31 | Build | Mining Camp |
| 8:47 | Create | Villager (Male) |
| 8:47 | Create | Villager (Male) |
| 8:48 | Create | Villager (Male) |
| 8:48 | Create | Villager (Male) |
| 9:45 | Research | Squires |
| 10:57 | Build | Monastery |
| 11:57 | Build | Castle |
| 12:22 | Create | Villager (Male) |
| 12:22 | Create | Villager (Male) |
| 12:23 | Create | Villager (Male) |
| 12:25 | Create | Villager (Male) |
| 13:24 | Build | Castle |
| 14:24 | Build | Castle |
| 14:34 | Build | Farm |
| 14:39 | Research | Heavy Plow |
| 14:41 | Research | Bow Saw |
| 14:49 | Create | Villager (Male) |
| 15:01 | Build | Farm |
| 15:01 | Build | Farm |
| 15:01 | Build | Farm |
| 15:02 | Build | Farm |
| 15:02 | Build | Farm |
| 15:02 | Build | Farm |
| 15:03 | Build | Farm |
| 15:03 | Build | Farm |
| 15:04 | Build | Farm |
| 15:05 | Build | Farm |
| 15:19 | Create | Villager (Male) |
| 16:03 | Build | Barracks |
| 16:27 | Research | Stone Shaft Mining |
| 16:55 | Build | Blacksmith |
| 17:14 | Build | Castle |
| 17:56 | Build | Mining Camp |
| 18:06 | Build | Mining Camp |
| 18:11 | Create | Villager (Male) |
| 18:13 | Create | Villager (Male) |
| 18:27 | Build | Castle |
| 18:42 | Build | Mining Camp |
| 18:48 | Research | Chain Mail Armor |
| 19:10 | Build | Castle |
| 19:20 | Build | Mining Camp |
| 19:28 | Build | Mining Camp |
| 19:57 | Build | Castle |
| 20:25 | Build | Barracks |
| 20:28 | Build | Barracks |
| 20:53 | Build | Mining Camp |
| 21:13 | Build | Mining Camp |
| 21:21 | Build | Mining Camp |
| 21:28 | Build | Mining Camp |
| 21:52 | Build | Siege Workshop |
| 22:10 | Build | Archery Range |
| 22:16 | Build | Archery Range |
| 23:05 | Build | Siege Workshop |
| 23:22 | Build | Mining Camp |
| 23:27 | Build | Mining Camp |
| 23:33 | Build | Mining Camp |
| 23:55 | Build | Building 719 |
| 24:11 | Research | Long Swordsman (upgrade) |
| 24:22 | Build | Mining Camp |
| 24:27 | Build | Mining Camp |
| 24:29 | Create | Villager (Male) |
| 24:30 | Create | Villager (Male) |
| 24:31 | Create | Villager (Male) |
| 24:33 | Create | Villager (Male) |
| 24:35 | Create | Villager (Male) |
| 25:46 | Build | University |
| 26:25 | Build | Stable |
| 26:34 | Build | Stable |
| 26:44 | Build | Archery Range |
| 26:47 | Build | Archery Range |
| 26:58 | Create | Villager (Male) |
| 26:58 | Create | Villager (Male) |
| 26:58 | Create | Villager (Male) |
| 27:07 | Create | Villager (Male) |
| 27:10 | Create | Villager (Male) |
| 27:11 | Create | Villager (Male) |
| 28:03 | Build | Building 785 |
| 28:19 | Build | Watch Tower |
| 28:28 | Build | Watch Tower |
| 28:33 | Create | Villager (Male) |
| 28:35 | Create | Villager (Male) |
| 29:35 | Build | Building 685 |
| 29:47 | Build | Building 685 |
| 31:16 | Build | Dock |
| 31:29 | Build | Dock |
| 32:02 | Create | Villager (Male) ×3 |
| 32:11 | Create | Villager (Male) |
| 32:26 | Create | Unit 2626 |
| 32:51 | Build | Dock |
| 33:58 | Research | Paper Money |
| 34:27 | Create | Villager (Male) |
| 34:30 | Create | Villager (Male) |
| 34:55 | Create | Unit 2626 |
| 35:35 | Research | Tech 19 |
| 35:54 | Create | Villager (Male) |
| 36:07 | Build | Blacksmith |
| 36:17 | Build | University |
| 36:43 | Build | Barracks |
| 37:26 | Create | Unit 2626 |
| 37:35 | Create | Fishing Ship |
| 37:39 | Create | Fishing Ship |
| 38:28 | Build | Stable |
| 38:29 | Build | Stable |
| 38:29 | Build | Stable |
| 38:29 | Build | Stable |
| 38:30 | Build | Stable |
| 38:30 | Build | Stable |
| 38:31 | Build | Stable |
| 38:31 | Build | Stable |
| 38:32 | Build | Stable |
| 38:32 | Build | Stable |
| 38:33 | Build | Stable |
| 38:33 | Build | Stable |
| 38:33 | Build | Stable |
| 38:34 | Build | Stable |
| 38:34 | Build | Stable |
| 38:35 | Build | Stable |
| 38:49 | Build | Fish Trap |
| 38:57 | Create | Fishing Ship |
| 39:01 | Create | Fishing Ship |
| 39:18 | Build | Fish Trap |
| 39:41 | Build | Stable |
| 40:02 | Create | Villager (Male) |
Build order — inmate401
First 150 of 304 actions detected
| 0:11 | Build | Castle |
| 0:20 | Build | Mill |
| 0:22 | Create | Villager (Male) |
| 0:22 | Create | Villager (Male) |
| 0:22 | Create | Villager (Male) |
| 0:23 | Create | Villager (Male) |
| 0:28 | Create | Villager (Male) |
| 0:55 | Build | Castle |
| 1:46 | Build | Lumber Camp |
| 1:48 | Build | Lumber Camp |
| 1:49 | Build | Lumber Camp |
| 1:51 | Build | Lumber Camp |
| 1:52 | Build | Lumber Camp |
| 1:53 | Build | Lumber Camp |
| 1:55 | Build | Lumber Camp |
| 1:56 | Build | Lumber Camp |
| 1:57 | Build | Lumber Camp |
| 1:59 | Build | Lumber Camp |
| 2:08 | Build | Castle |
| 2:14 | Create | Villager (Male) |
| 3:03 | Build | Lumber Camp |
| 3:04 | Build | Lumber Camp |
| 3:06 | Build | Lumber Camp |
| 3:07 | Build | Lumber Camp |
| 3:09 | Build | Lumber Camp |
| 3:24 | Build | Blacksmith |
| 3:28 | Create | Villager (Male) |
| 3:37 | Create | Villager (Male) |
| 4:03 | Build | Lumber Camp |
| 4:05 | Build | Lumber Camp |
| 4:10 | Build | Lumber Camp |
| 4:22 | Create | Villager (Male) |
| 4:42 | Build | Castle |
| 5:28 | Build | Building 1098 |
| 5:30 | Build | Building 1098 |
| 5:31 | Build | Building 1098 |
| 5:32 | Build | Building 1098 |
| 5:47 | Create | Villager (Male) |
| 5:52 | Create | Villager (Male) |
| 6:00 | Build | Building 1098 |
| 6:01 | Build | Building 1098 |
| 6:02 | Build | Building 1098 |
| 6:08 | Build | Lumber Camp |
| 6:10 | Build | Lumber Camp |
| 6:11 | Build | Lumber Camp |
| 6:19 | Research | Heavy Plow |
| 6:39 | Build | Farm |
| 6:41 | Build | Farm |
| 7:24 | Create | Villager (Male) |
| 7:30 | Build | Lumber Camp |
| 8:03 | Build | Farm |
| 8:04 | Build | Farm |
| 8:09 | Build | Building 1098 |
| 8:45 | Build | Lumber Camp |
| 8:54 | Create | Villager (Male) |
| 9:03 | Build | Farm |
| 9:04 | Build | Farm |
| 9:08 | Create | Villager (Male) |
| 9:19 | Build | Farm |
| 9:20 | Build | Farm |
| 9:43 | Build | Farm |
| 10:05 | Build | Lumber Camp |
| 10:07 | Build | Lumber Camp |
| 10:08 | Build | Lumber Camp |
| 10:12 | Build | Farm |
| 10:14 | Build | Farm |
| 10:19 | Create | Villager (Male) |
| 10:39 | Research | Bodkin Arrow |
| 10:59 | Build | Dock |
| 11:49 | Build | University |
| 11:54 | Create | Villager (Male) |
| 12:04 | Build | Farm |
| 12:30 | Research | Treadmill Crane |
| 12:31 | Research | Murder Holes |
| 12:41 | Build | Lumber Camp |
| 12:43 | Build | Lumber Camp |
| 12:45 | Build | Lumber Camp |
| 12:46 | Build | Lumber Camp |
| 12:47 | Build | Lumber Camp |
| 12:49 | Build | Lumber Camp |
| 13:19 | Create | Villager (Male) |
| 13:25 | Research | Burgundian Vineyards |
| 13:48 | Research | Bow Saw |
| 14:07 | Build | Lumber Camp |
| 14:15 | Build | Lumber Camp |
| 14:19 | Build | Lumber Camp |
| 14:28 | Build | Lumber Camp |
| 14:31 | Create | Villager (Male) |
| 14:39 | Build | Lumber Camp |
| 14:57 | Build | Lumber Camp |
| 14:59 | Build | Lumber Camp |
| 15:01 | Build | Lumber Camp |
| 15:02 | Build | Lumber Camp |
| 15:03 | Build | Lumber Camp |
| 15:10 | Create | Fishing Ship |
| 15:13 | Create | Villager (Male) |
| 15:36 | Build | Lumber Camp |
| 15:38 | Build | Lumber Camp |
| 15:39 | Build | Lumber Camp |
| 15:58 | Build | Fish Trap |
| 16:02 | Create | Villager (Male) |
| 16:35 | Build | Castle |
| 16:58 | Research | War Galley (upgrade) |
| 17:01 | Create | Villager (Male) |
| 17:33 | Build | Castle |
| 18:04 | Build | Building 1098 |
| 18:05 | Build | Building 1098 |
| 18:14 | Create | Villager (Male) |
| 18:25 | Build | Dock |
| 18:30 | Create | Fishing Ship |
| 18:35 | Create | Villager (Male) |
| 18:45 | Build | Castle |
| 19:05 | Build | Building 1098 |
| 19:06 | Build | Building 1098 |
| 19:07 | Build | Building 1098 |
| 19:19 | Build | Farm |
| 19:20 | Create | Villager (Male) |
| 19:29 | Build | Building 785 |
| 19:53 | Build | Fish Trap |
| 19:56 | Create | Fishing Ship |
| 20:05 | Build | Mining Camp |
| 20:14 | Build | Mining Camp |
| 20:42 | Research | Gold Shaft Mining |
| 20:45 | Research | Paper Money |
| 21:06 | Build | Fish Trap |
| 21:10 | Create | Fishing Ship |
| 21:10 | Create | Fishing Ship |
| 21:30 | Research | Careening |
| 22:12 | Build | Fish Trap |
| 22:15 | Build | Fish Trap |
| 22:17 | Create | Fishing Ship |
| 22:18 | Create | Fishing Ship |
| 22:58 | Create | Villager (Male) |
| 23:08 | Build | Fish Trap |
| 23:11 | Build | Fish Trap |
| 23:44 | Create | Villager (Male) |
| 24:13 | Research | Thumb Ring |
| 24:30 | Research | Hand Cart |
| 25:13 | Research | Ballistics |
| 25:17 | Create | Villager (Male) |
| 25:24 | Create | Fishing Ship |
| 25:24 | Create | Fishing Ship |
| 26:09 | Build | Fish Trap |
| 26:12 | Build | Fish Trap |
| 26:18 | Create | Fishing Ship |
| 26:18 | Create | Fishing Ship |
| 27:04 | Build | Outpost |
| 27:33 | Build | Fish Trap |
| 27:35 | Build | Fish Trap |
| 27:53 | Research | Imperial Age |
Build order — Ajosi
First 150 of 315 actions detected
| 0:08 | Create | Villager (Male) |
| 0:08 | Create | Villager (Male) |
| 0:10 | Create | Villager (Male) |
| 0:11 | Create | Villager (Male) |
| 0:11 | Create | Villager (Male) |
| 0:21 | Build | Mill |
| 0:27 | Build | University |
| 0:42 | Build | Castle |
| 0:48 | Build | Castle |
| 0:49 | Build | Castle |
| 1:25 | Create | Villager (Male) |
| 1:34 | Build | Blacksmith |
| 1:35 | Research | Treadmill Crane |
| 1:36 | Research | Murder Holes |
| 1:58 | Build | Lumber Camp |
| 1:58 | Build | Lumber Camp |
| 1:59 | Build | Lumber Camp |
| 1:59 | Build | Lumber Camp |
| 1:59 | Build | Lumber Camp |
| 2:00 | Build | Lumber Camp |
| 2:00 | Build | Lumber Camp |
| 2:01 | Build | Lumber Camp |
| 2:01 | Build | Lumber Camp |
| 2:01 | Build | Lumber Camp |
| 2:02 | Build | Lumber Camp |
| 2:02 | Build | Lumber Camp |
| 2:02 | Build | Lumber Camp |
| 2:03 | Build | Lumber Camp |
| 2:03 | Build | Lumber Camp |
| 2:03 | Build | Lumber Camp |
| 2:04 | Build | Lumber Camp |
| 2:04 | Build | Lumber Camp |
| 2:04 | Build | Lumber Camp |
| 2:05 | Build | Lumber Camp |
| 2:05 | Build | Lumber Camp |
| 2:06 | Build | Lumber Camp |
| 2:06 | Build | Lumber Camp |
| 2:07 | Build | Lumber Camp |
| 2:11 | Research | Bodkin Arrow |
| 3:09 | Build | Castle |
| 3:12 | Build | Castle |
| 3:16 | Create | Villager (Male) |
| 3:46 | Create | Villager (Male) |
| 3:46 | Create | Villager (Male) |
| 3:50 | Build | Lumber Camp |
| 3:50 | Build | Lumber Camp |
| 3:50 | Build | Lumber Camp |
| 3:51 | Build | Lumber Camp |
| 3:51 | Build | Lumber Camp |
| 4:13 | Create | Villager (Male) |
| 4:40 | Build | Archery Range |
| 4:43 | Build | Mining Camp |
| 4:50 | Build | Castle |
| 5:05 | Create | Villager (Male) |
| 5:31 | Create | Villager (Male) |
| 6:01 | Research | Elite Skirmisher (upgrade) |
| 6:32 | Build | Lumber Camp |
| 6:34 | Build | Lumber Camp |
| 6:36 | Research | Bow Saw |
| 6:42 | Create | Villager (Male) |
| 7:17 | Build | Lumber Camp |
| 7:42 | Build | Lumber Camp |
| 8:01 | Build | Lumber Camp |
| 8:12 | Create | Villager (Male) |
| 8:25 | Build | Castle |
| 8:26 | Build | Castle |
| 8:26 | Build | Castle |
| 8:27 | Build | Castle |
| 8:57 | Research | Ballistics |
| 10:00 | Research | Heavy Plow |
| 10:12 | Build | Castle |
| 10:13 | Build | Castle |
| 10:14 | Build | Castle |
| 10:37 | Build | Farm |
| 10:38 | Build | Farm |
| 10:38 | Build | Farm |
| 10:38 | Build | Farm |
| 10:39 | Build | Farm |
| 10:39 | Build | Farm |
| 10:39 | Build | Farm |
| 10:43 | Build | Farm |
| 10:48 | Build | Farm |
| 10:49 | Build | Farm |
| 11:16 | Build | Castle |
| 11:17 | Build | Castle |
| 11:17 | Build | Castle |
| 11:55 | Create | Villager (Male) |
| 12:05 | Build | Farm |
| 12:07 | Build | Farm |
| 12:12 | Build | Farm |
| 12:13 | Build | Farm |
| 12:31 | Build | Mill |
| 12:33 | Create | Villager (Male) |
| 12:40 | Build | Farm |
| 12:44 | Research | Gold Shaft Mining |
| 12:53 | Build | Castle |
| 12:53 | Build | Castle |
| 12:54 | Build | Castle |
| 13:44 | Research | Hand Cart |
| 14:03 | Research | Thumb Ring |
| 14:03 | Research | Thumb Ring |
| 14:05 | Research | Burgundian Vineyards |
| 14:14 | Build | Farm |
| 14:25 | Build | Castle |
| 14:26 | Build | Castle |
| 14:29 | Build | Castle |
| 14:30 | Create | Villager (Male) |
| 14:53 | Create | Villager (Male) |
| 15:34 | Create | Villager (Male) |
| 16:00 | Create | Villager (Male) |
| 16:10 | Build | Mining Camp |
| 16:27 | Build | Farm |
| 16:29 | Create | Villager (Male) |
| 16:38 | Build | Castle |
| 16:38 | Build | Castle |
| 16:39 | Build | Castle |
| 16:39 | Build | Castle |
| 16:39 | Build | Castle |
| 16:51 | Create | Villager (Male) |
| 17:37 | Build | Castle |
| 17:38 | Create | Villager (Male) |
| 17:49 | Build | Mill |
| 18:02 | Create | Villager (Male) |
| 18:35 | Build | Castle |
| 18:35 | Build | Castle |
| 18:36 | Build | Castle |
| 18:36 | Build | Castle |
| 18:38 | Build | Castle |
| 18:39 | Build | Castle |
| 18:40 | Create | Villager (Male) |
| 18:58 | Create | Villager (Male) |
| 19:17 | Create | Villager (Male) |
| 19:24 | Build | Castle |
| 19:24 | Build | Castle |
| 19:25 | Build | Castle |
| 20:26 | Build | Farm |
| 20:28 | Research | Paper Money |
| 20:41 | Build | Castle |
| 20:46 | Create | Villager (Male) |
| 20:59 | Build | Farm |
| 21:00 | Build | Farm |
| 21:02 | Build | Farm |
| 21:03 | Build | Farm |
| 21:10 | Build | Farm |
| 21:11 | Build | Farm |
| 22:00 | Build | Farm |
| 22:35 | Build | Dock |
| 22:38 | Build | Dock |
| 22:41 | Research | Imperial Age |
| 22:48 | Research | Tech 19 |
Match timeline
| 0:11 | inmate401 · first_building Castle |
| 0:14 | AncientLocky · first_building Castle |
| 0:36 | naphtaligrauer16 · first_building Castle |
| 0:39 | NART · first_building Castle |
| 0:42 | Ajosi · first_building Castle |
| 1:07 | RULER_NOW · first_building Castle |
| 1:52 | Lellek II · first_building Castle |
| 2:33 | RULER_NOW · first_building Barracks |
| 2:55 | ReggioMarco · first_building Castle |
| 4:02 | naphtaligrauer16 · first_building Archery Range |
| 4:25 | RULER_NOW · first_building Siege Workshop |
| 4:40 | Ajosi · first_building Archery Range |
| 5:18 | AncientLocky · first_building Dock |
| 7:27 | ReggioMarco · first_building Dock |
| 7:41 | ReggioMarco · first_building Monastery |
| 10:57 | Lellek II · first_building Monastery |
| 10:59 | inmate401 · first_building Dock |
| 13:23 | naphtaligrauer16 · first_building Dock |
| 16:03 | Lellek II · first_building Barracks |
| 17:34 | NART · first_building Dock |
| 21:52 | Lellek II · first_building Siege Workshop |
| 22:10 | Lellek II · first_building Archery Range |
| 22:35 | Ajosi · first_building Dock |
| 25:10 | RULER_NOW · age_up imperial |
| 25:51 | Ajosi · age_up imperial |
| 26:25 | Lellek II · first_building Stable |
| 29:16 | AncientLocky · age_up imperial |
| 29:44 | inmate401 · first_building Stable |
| 30:21 | AncientLocky · first_building Siege Workshop |
| 31:03 | inmate401 · age_up imperial |
| 31:16 | Lellek II · first_building Dock |
| 31:39 | RULER_NOW · first_building Dock |
| 32:51 | ReggioMarco · age_up imperial |
| 41:50 | NART · resign |
[ AI ANALYSIS · 1 CREDIT ]
What really happened in this match?
Wolo.gg analyzes every decision: build order, eco, micro, common mistakes by bracket. Personalized analysis on WhatsApp or Discord in 30 seconds.
Civ guide
Dravidians
Perfil
Jugador #5111513